 Dungeon Crawl Stone Soup version 0.27-a0-1206-g6342a01c75 (webtiles) character file.

Game seed: 14509353349700397976

25 Glokmah the Bolt Thrower (level 3, -1/22 HPs)
             Began as a Kobold Hunter on June 5, 2021.
             Succumbed to a kobold's poison
             ... on level 1 of the Dungeon.
             The game lasted 00:01:54 (1035 turns).

Glokmah the Bolt Thrower (Kobold Hunter)            Turns: 1035, Time: 00:01:55

Health: -1/22      AC:  3    Str:  9    XL:     3   Next: 17%
Magic:  3/3        EV: 14    Int: 12    God:
Gold:   26         SH:  0    Dex: 16    Spells: 2/2 levels left

rFire    . . .     SeeInvis .   a - +1 hand crossbow
rCold    . . .     Faith    .   (shield restricted)
rNeg     . . .     Spirit   .   k - +0 leather armour
rPois    .         Reflect  .   (no helmet)
rElec    .         Harm     .   (no cloak)
rCorr    .         Rampage  .   (no gloves)
Will     .....                  (no boots)
Stlth    +++.......             (no amulet)
HPRegen  0.07/turn              (no ring)
MPRegen  0.08/turn              (no ring)

@: lethally poisoned (-1 -> -9)
A: small, no large weapons, nightstalker 3, claws 1, inability to read while
threatened, MP-powered wands
a: no special abilities


You were on level 1 of the Dungeon.
You visited 1 branch of the dungeon, and saw 2 of its levels.

You collected 26 gold pieces.

Inventory:

Hand Weapons
 a - a +1 hand crossbow (weapon)
 b - a +0 dagger
 c - a +0 short sword
Missiles
 d - 18 bolts (quivered ammo)
 e - 21 poisoned darts
 f - 17 stones
 j - 6 boomerangs
Armour
 k - a +0 leather armour (worn)
Scrolls
 i - 2 scrolls of identify {unknown}
 l - a scroll of amnesia {unknown}
Potions
 n - a potion of invisibility {unknown}


   Skills:
 + Level 2.5 Fighting
 + Level 1.1 Short Blades
 * Level 5.3 Crossbows
 - Level 2.4 Dodging
 * Level 2.3 Stealth


You had 2 spell levels left.
You didn't know any spells.
Your spell library was empty.

Dungeon Overview and Level Annotations

Branches:
Dungeon (2/15)

Altars:


Innate Abilities, Weirdness & Mutations

You are small and have problems with some larger weapons.
You are completely attuned to the shadows.
You have sharp fingernails.
You sometimes lose the ability to read scrolls when taking damage.
You expend magic power (3 MP) to strengthen your wands.


Message History

Okay, then.
It was a potion of mutation.
You feel extremely strange.
You lose the ability to read scrolls when threatened.
Your fingernails lengthen.
You feel your magical essence link to the dungeon's wands.
You feel sick. The ball python closely misses you.
The ball python barely misses you. The kobold hits you but does no damage.
You are lethally poisoned!
The ball python bites you but does no damage.
The ball python misses you.
a - a +1 hand crossbow (weapon)
You feel sick.
Fire: 20 bolts
Press: ? - help, Q - select action, (/) - cycle Shift-Dir - straight line, f - kobold
Aim: a kobold, wielding a +0 dagger of venom (61% to hit)
You shoot a bolt. The bolt misses the kobold.
* * * LOW HITPOINT WARNING * * *
You feel very sick. The ball python closely misses you.
The ball python barely misses you. The kobold misses you.
The ball python closely misses you. The ball python misses you.
Fire: 19 bolts
Press: ? - help, Q - select action, (/) - cycle Shift-Dir - straight line, f/p - kobold
Aim: a kobold, wielding a +0 dagger of venom (61% to hit)
You shoot a bolt. The bolt hits the kobold.
You kill the kobold!
* * * LOW HITPOINT WARNING * * *
You feel very sick. The ball python barely misses you.
The ball python completely misses you.
It was a potion of brilliance.
You feel clever all of a sudden.
* * * LOW HITPOINT WARNING * * *
You feel sick.
The ball python bites you but does no damage.
The ball python closely misses you.
It was a potion of cancellation.
Your magical effects are unravelling.
You feel magically purged.
You feel a little less clever now.
You die...

##### #..# ....# #..#
....# #..# ....#
#..###############
....###................#
..................##...#
....###.#.........#..###
.....##.#.......S...##
........#.......@..##
#.#####........(..##
#.##..............#
#>.#.##......(....###
##...##..####.......#
#.....#...##...####.#
#.###.#.#....#.##
#.##### (.#
#.#.#.......# #.....#
###
#.....#####.#######.#


You could see a ball python.

Vanquished Creatures
  5 endoplasms (D:1)
  A giant cockroach (D:1)
  2 goblins (D:1)
  A hobgoblin (D:1)
  A quokka (D:1)
  A ball python (D:1)
  5 bats (D:1)
  2 frilled lizards (D:1)
  3 kobolds (D:1)
  2 rats (D:1)
23 creatures vanquished.

Notes
Turn   | Place    | Note
-------+----------+-------------------------------------------
     0 | D:1      | Glokmah the Kobold Hunter began the quest for the Orb.
     0 | D:1      | Reached XP level 1. HP: 12/12 MP: 1/1
   185 | D:1      | Reached skill level 5 in Crossbows
   229 | D:1      | Reached XP level 2. HP: 12/18 MP: 2/2
   522 | D:1      | Reached skill level 1 in Short Blades
   686 | D:1      | Reached XP level 3. HP: 22/22 MP: 3/3
  1030 | D:1      | Gained mutation: You sometimes lose the ability to read
                  | scrolls when taking damage. [potion of mutation]
  1030 | D:1      | Gained mutation: You have sharp fingernails. [potion of
                  | mutation]
  1030 | D:1      | Gained mutation: You expend magic power (3 MP) to
                  | strengthen your wands. [potion of mutation]
  1034 | D:1      | HP: 1/22 [poisoned by a kobold]
  1035 | D:1      | Succumbed to a kobold's poison

Illustrated notes

Levels and vault maps discovered:
D:1:      lightli_arrival_quake, layout_rooms, minmay_misc_feat_room
D:2:      layout_rooms, shapermc_ecumenical_altar_mp_vishouse,
          chequers_serial_rivers_micro_d, st_stairs_7

Skill      XL: |  1  2 |
---------------+-------+-----
Crossbows      | 5 |  5.3
Stealth        | 2 |  2.3
Short Blades   | 1 |  1.1
Fighting       | |  2.5
Dodging        | |  2.4

Action                   || total
-------------------------++-------
Melee: Short sword       ||    25
       Dagger            ||    34
 Fire: Hand crossbow     ||     2
  Use: Potion            ||     3
 Stab: Sleeping          ||    18
Armor: Leather armour    ||    18
Dodge: Dodged            ||    62

Table legend: (Time is in decaauts)
 A = Elapsed time spent in this place.
 B = Non-inter-level travel time spent in this place.
 C = Inter-level travel time spent in this place.
 D = Time resting spent in this place.
 E = Time spent auto-exploring this place.
 F = Levels seen in this place.
 G = Mean time per level.
                   A        B        C        D        E       F      G
               +--------+--------+--------+--------+--------+-----+--------+
         Total |   1034 |    991 |     43 |      0 |    763 |   2 |  517.0 |
       Dungeon |   1034 |    991 |     43 |      0 |    763 |   2 |  517.0 |
               +--------+--------+--------+--------+--------+-----+--------+

Top non-repeatable levels by time:
     D:1: 1025 daAuts
     D:2: 8 daAuts
